 Dungeon Crawl Stone Soup version 0.29-a0-380-gf50f0a9fbc (webtiles) character file.

Game seed: 6693564540428535497

5498 pyrow613 the Thaumaturge (level 10, -8/50 HPs)
             Began as a Deep Elf Air Elementalist on May 5, 2022.
             Was an Initiate of Vehumet.
             Mangled by a minotaur (10 damage)
             ... created by the fury of Okawaru
             ... on level 8 of the Dungeon.
             The game lasted 00:49:05 (8928 turns).

pyrow613 the Thaumaturge (DEAE)                     Turns: 8928, Time: 00:49:05

Health: -8/50      AC:  9    Str:  7    XL:     10   Next: 42%
Magic:  25/25      EV: 12    Int: 25    God:    Vehumet [......]
Gold:   435        SH:  0    Dex: 15    Spells: 9/28 levels left

rFire   . . .      SeeInvis .   w - +6 mace of Kosk {speed, rC+ Stlth+}
rCold   + . .      Faith    .   (no shield)
rNeg    . . .      Spirit   .   p - +1 robe of Lifelessness {Rampage Archmagi}
rPois   .          Reflect  .   k - +2 hat {Stlth+}
rElec   .          Harm     .   (no cloak)
rCorr   .          Rampage  +   H - +0 pair of gloves
Will    .....      Archmagi +   c - +2 pair of boots
Stlth   ++++++....              G - amulet of regeneration
HPRegen 0.96/turn               s - ring of flight
MPRegen 0.19/turn               a - ring of wizardry

@: weak-willed, flying, slowed, constricted, very slow
A: clever 1, wild magic 1
a: Renounce Religion


You were on level 8 of the Dungeon.
You worshipped Vehumet.
Vehumet was noncommittal.
You visited 2 branches of the dungeon, and saw 9 of its levels.

You collected 435 gold pieces.

Inventory:

Hand Weapons
 w - the +6 mace of Kosk (weapon) {speed, rC+ Stlth+}
   (You found it on level 2 of the Dungeon)

   Attacks with this weapon are significantly faster.
   rC:        It protects you from cold.
   Stlth:     It makes you more stealthy.
Missiles
 i - 4 javelins
 j - 6 poisoned darts
 B - 5 atropa-tipped darts
 K - 3 curare-tipped darts
Armour
 c - a +2 pair of boots (worn)
 e - a +0 buckler
 k - a +2 hat of stealth (worn)
 p - the +1 robe of Lifelessness (worn) {Rampage Archmagi}
   (You found it on level 2 of the Dungeon)

   Rampage:   It bestows one free step when moving towards enemies.
   Archmagi:  It increases the power of your magical spells.
 H - a +0 pair of gloves (worn)
Magical Staves
 A - a staff of poison
Jewellery
 a - a ring of wizardry (right hand)
 s - a ring of flight (left hand)
 G - an amulet of regeneration (around neck)
Wands
 y - a wand of polymorph (5)
 C - a wand of acid (2)
 J - a wand of digging (1)
Scrolls
 d - a scroll of immolation {unknown}
 g - a scroll of silence {unknown}
 h - 2 scrolls of fog
 m - a scroll of summoning {unknown}
 o - a scroll of amnesia
 u - a scroll of fear {unknown}
 x - a scroll of enchant weapon
 D - a scroll of vulnerability
 E - a scroll of acquirement {unknown}
 I - a scroll of magic mapping {unknown}
 M - a scroll of blinking {unknown}
Potions
 b - 3 potions of magic
 f - a potion of mutation
 l - a potion of haste {unknown}
 n - 3 potions of berserk rage
 q - a potion of might {unknown}
 r - 3 potions of cancellation {unknown}
 t - 5 potions of heal wounds {unknown}
 v - a potion of degeneration {unknown}
 z - 6 potions of curing
 F - a potion of flight {unknown}


   Skills:
 + Level 7.4 Dodging
 + Level 8.0 Stealth
 + Level 9.9 Spellcasting
 + Level 7.8 Conjurations
 * Level 9.1 Air Magic


You had 9 spell levels left.
You knew the following spells:

 Your Spells              Type           Power      Damage    Failure   Level
a - Shock                 Conj/Air       100%       1d9       1%          1
b - Static Discharge      Conj/Air       82%        N/A       1%          2
c - Swiftness             Air            85%        N/A       1%          3
d - Airstrike             Air            42%        N/A       1%          4
e - Searing Ray           Conj           100%       2d8       1%          2
f - Fulminant Prism       Conj/Hex       29%        3d14      6%          4
g - Teleport Other        Tloc           24%        N/A       9%          3

Your spell library contained the following spells:

 Spells                   Type           Power      Damage    Failure   Level
 Magic Dart               Conj           100%       1d8       1%          1
 Animate Skeleton         Necr           48%        N/A       3%          1
 Pain                     Necr           96%        1d8       3%          1
 Summon Lightning Spire   Summ/Air       62%        N/A       4%          4
 Gell's Gravitas          Tloc           24%        N/A       9%          3
 Lesser Beckoning         Tloc           24%        N/A       9%          3
 Tukima's Dance           Hex            24%        N/A       9%          3
 Vampiric Draining        Necr           24%        2d7       9%          3
 Animate Armour           Summ/Erth      48%        N/A       26%         4
 Passage of Golubria      Tloc           24%        N/A       26%         4
 Blade Hands              Tmut           12%        N/A       52%         5
 Yara's Violent Unravell  Hex/Tmut       12%        3d7       52%         5
 Iron Shot                Conj/Erth      29%        9d6       56%         6
 Storm Form               Tmut/Air       31%        N/A       95%         7
 Maxwell's Capacitive Co  Air            42%        ∞         96%         8


Dungeon Overview and Level Annotations

Branches:
Dungeon (8/15)             Temple (1/1) D:7
   Lair: D:8-11

Altars:
Ashenzari
Cheibriados
Elyvilon
Hepliaklqana
Kikubaaqudgha
Nemelex Xobeh
Okawaru
Qazlal
Ru
Sif Muna
Trog
Uskayaw
Vehumet
Wu Jian
Xom
Yredelemnul
Zin
The Shining One

Annotations:
D:5 1 runed translucent door, Crazy Yiuf


Innate Abilities, Weirdness & Mutations

Your mind is acute. (Int +2)
Your spells are a little harder to cast, but a little more powerful.


Message History

Found a stone staircase leading up.
Found a stone staircase leading down.
There is an open door here.
You pick up Great Wizards, Vol.
VII and begin reading...
You add the spells Tukima's Dance, Passage of Golubria and Yara's Violent Unravelling to your library.
Okay, then.
Okawaru sends forces against you!
The divine experience drains your vigour!
You feel yourself slow down. 4 nagas, a cyclops and a minotaur come into view.
As you read the scroll labelled BUECVU CEYLA, it crumbles to dust.
It is a scroll of amnesia.
Really abort (and waste the scroll)?
Okay, then.
As you read the scroll labelled ZOPAMU XUGE, it crumbles to dust.
Magic quickly surges around you.
It was a scroll of vulnerability.
The naga closely misses you. x2
The naga warrior hits you with a +0 short sword!
The naga warrior grabs you. The naga warrior constricts you.
The naga sharpshooter unwields a +0 short sword.
The naga sharpshooter wields a +0 shortbow.
The naga sharpshooter shoots an arrow.
The arrow closely misses you.
The cyclops hits you but does no damage.
Unknown command.
As you read the scroll labelled BUKAMU CISAOW, it crumbles to dust.
It is a scroll of enchant weapon.
You aren't carrying any weapons that can be enchanted.
The naga barely misses you. The minotaur hits you! The minotaur gores you.
The naga warrior spits poison at you. The splash of poison misses you.
The naga warrior constricts you.
* * * LOW HITPOINT WARNING * * *
The naga sharpshooter gestures wildly while chanting.
The naga sharpshooter magically shoots an arrow.
The arrow closely misses you. The naga mage barely misses you.
The cyclops hits you.
* * * LOW HITPOINT WARNING * * *
The naga warrior barely misses you. The naga warrior constricts you.
* * * LOW HITPOINT WARNING * * *
The minotaur hits you!
You die...

#.. #### #.. ...## #..
#...# #.. #...+ ..
###### #...# ..##..##.
+..N# .......... #NH.#
.......... #@N#
#..##..##.
##CN##+###.^##..##.
#....#...+..#......
#....#...#..#...... #+
##..##..##..#...##'
##..##..##..##..'...##.
#.>......#......######.
#....<...'......##..##.
##.......#......#...##.


You could see a naga warrior (catching breath, weak-willed), a minotaur
(weak-willed), a naga sharpshooter (weak-willed), a cyclops (weak-willed), a
naga mage (weak-willed) and a naga (weak-willed).

Vanquished Creatures
  Gastronok (D:8)
  Pikel (D:5)
  A cyclops (D:7)
  Grinder (D:6)
  Prince Ribbit (D:6)
  Eustachio (D:4)
  6 yaks (D:6)
  Menkaure (D:4)
  Edmund (D:6)
  A naga (D:7)
  3 water moccasins
  2 orc warriors (D:7)
  3 ice beasts
  A black bear (D:5)
  2 ogres
  A phantom (D:5)
  A lemure (D:5)
  A kobold brigand (D:5)
  3 bullfrogs
  A scorpion (D:6)
  Blork the orc (D:4)
  A necrophage (D:6)
  A howler monkey (D:6)
  4 orc priests
  2 jellies (D:6)
  6 hounds
  6 orc wizards
  3 iguanas
  7 gnolls
  6 adders
  2 white imps
  3 ufetubi
  2 worms (D:2)
  The ghost of benadryl the Sneak, a weakling TrDe (D:5)
  A dart slug (D:4)
  23 orcs
  9 ball pythons
  4 bats (D:2)
  8 endoplasms
  2 giant cockroaches
  5 goblins
  5 hobgoblins
  2 jackals (D:4)
  10 kobolds
  5 quokkas
  2 frilled lizards
  4 rats
158 creatures vanquished.

Notes
Turn   | Place    | Note
-------+----------+-------------------------------------------
     0 | D:1      | pyrow613 the Deep Elf Air Elementalist began the quest for
                  | the Orb.
     0 | D:1      | Reached XP level 1. HP: 10/10 MP: 6/6
   374 | D:1      | Reached XP level 2. HP: 15/15 MP: 6/8
   417 | D:1      | Found a faded altar of an unknown god.
  1048 | D:1      | Prayed at the altar of an unknown god.
  1048 | D:1      | Became a worshipper of Warmaster Okawaru
  1048 | D:1      | Reached * piety under Okawaru
  1062 | D:2      | Identified the +1 robe of Lifelessness {Rampage Archmagi}
  1119 | D:2      | Reached XP level 3. HP: 19/19 MP: 6/10
  1638 | D:2      | Identified the +6 mace of Kosk {speed, rC+ Stlth+}
  2321 | D:3      | Found a sacrificial altar of Ru.
  2325 | D:3      | Found a broken altar of Ashenzari.
  2582 | D:3      | Reached XP level 4. HP: 24/24 MP: 8/12
  2599 | D:3      | Learned a level 2 spell: Static Discharge
  3442 | D:4      | Noticed Eustachio
  3467 | D:4      | Killed Eustachio
  3467 | D:4      | Reached ** piety under Okawaru
  3468 | D:4      | Reached skill level 5 in Spellcasting
  3468 | D:4      | Reached XP level 5. HP: 17/28 MP: 3/14
  3687 | D:4      | Noticed Blork the orc
  3696 | D:4      | Killed Blork the orc
  3697 | D:4      | Reached XP level 6. HP: 28/32 MP: 11/15
  3746 | D:4      | Noticed Menkaure
  3762 | D:4      | Killed Menkaure
  4078 | D:4      | Reached XP level 7. HP: 36/36 MP: 11/17
  4082 | D:4      | Learned a level 3 spell: Swiftness
  4087 | D:4      | Learned a level 4 spell: Airstrike
  4486 | D:5      | Entered Level 5 of the Dungeon
  4541 | D:5      | Noticed Pikel
  4557 | D:5      | Killed Pikel
  4557 | D:5      | Reached *** piety under Okawaru
  4558 | D:5      | Reached skill level 5 in Conjurations
  4558 | D:5      | Reached skill level 5 in Air Magic
  4558 | D:5      | Reached XP level 8. HP: 14/41 MP: 2/20
  4831 | D:5      | Learned a level 2 spell: Searing Ray
  5232 | D:5      | Reached skill level 5 in Stealth
  5687 | D:5      | Reached skill level 5 in Dodging
  5874 | D:5      | Reached **** piety under Okawaru
  5945 | D:5      | Found a runed translucent door.
  5946 | D:5      | Noticed Crazy Yiuf
  6013 | D:5      | Found a large runed translucent door.
  6013 | D:5      | Found a large runed translucent door.
  6017 | D:5      | Noticed benadryl's ghost (weakling TrDe)
  6020 | D:5      | Identified the +1 scale mail of Love and Death {-Tele rElec
                  | Int+4 Dex+2}
  6027 | D:5      | Killed benadryl's ghost
  6204 | D:6      | Gained mutation: Your mind is acute. (Int +2) [potion of
                  | mutation]
  6204 | D:6      | Gained mutation: Your spells are a little harder to cast,
                  | but a little more powerful. [potion of mutation]
  6468 | D:6      | Reached XP level 9. HP: 31/45 MP: 15/23
  6658 | D:6      | Noticed Edmund
  6673 | D:6      | Killed Edmund
  6821 | D:6      | Reached ***** piety under Okawaru
  6855 | D:6      | Noticed Grinder
  6865 | D:6      | Paralysed by Grinder for 5 turns
  6872 | D:6      | Killed Grinder
  7046 | D:6      | Received a gift from Okawaru
  7052 | D:6      | Noticed Prince Ribbit
  7058 | D:6      | Killed Prince Ribbit
  7398 | D:7      | Found a bloodstained altar of Trog.
  7398 | D:7      | Found a staircase to the Ecumenical Temple.
  7460 | Temple   | Entered the Ecumenical Temple
  7575 | Temple   | Fell from the grace of Okawaru
  7575 | Temple   | Became a worshipper of Vehumet
  7694 | D:7      | Reached XP level 10. HP: 50/50 MP: 21/25
  7760 | D:7      | Noticed a cyclops
  7760 | D:7      | Noticed a cyclops
  7834 | D:7      | Noticed a naga warrior
  7834 | D:7      | Noticed a cyclops
  7835 | D:7      | Found a hide-covered altar of Uskayaw.
  8109 | D:6      | Noticed a naga warrior
  8109 | D:6      | Noticed a salamander
  8109 | D:6      | Noticed a stone giant
  8109 | D:6      | Noticed an orc knight
  8441 | D:7      | Killed a cyclops
  8694 | D:8      | Noticed Gastronok
  8708 | D:8      | Killed Gastronok
  8838 | D:8      | Learned a level 4 spell: Fulminant Prism
  8843 | D:8      | Learned a level 3 spell: Teleport Other
  8926 | D:8      | Noticed a naga warrior
  8926 | D:8      | Noticed a naga mage
  8926 | D:8      | Noticed a naga sharpshooter
  8926 | D:8      | Noticed a cyclops
  8926 | D:8      | Noticed a minotaur
  8928 | D:8      | HP: 2/50 [constriction[the fury of Okawaru] (5)]
  8928 | D:8      | Mangled by a minotaur

Illustrated notes

Levels and vault maps discovered:
D:1:      zaba_arrival_water, layout_rooms, hellmonk_ecumenical_altar_zigzags
D:2:      layout_basic, minmay_split_cup_small
D:3:      layout_loops_ring, chequers_temple_overflow_statue_of_worship,
          item_on_display_a
D:4:      layout_loops_corners, uniq_menkaure, uniq_blork_the_orc,
          uniq_eustachio
D:5:      layout_loops_ring, ebering_ghost_disaster_area,
          kennysheep_generic_room_10, uniq_crazy_yiuf_cottage, uniq_pikel
D:6:      layout_rooms, uniq_edmund, uniq_grinder, uniq_prince_ribbit1
D:7:      layout_rooms, amcnicky_altar_gilded, nicolae_uskayaw_dance_hall,
          minmay_temple_entry_grid
D:8:      layout_gridville, serial_shops, nicolae_square_shop,
          kennysheep_opposing_triangles, uniq_gastronok
Temple:   dpeg_five_rooms_temple

Skill      XL: |  1  2  3  4  5  6  7  8  9 10 |
---------------+-------------------------------+-----
Conjurations   | 2 3 4 5 6 7 |  7.8
Spellcasting   | 4 5 6 8 9 |  9.9
Stealth        | 3 4 5 7 8 |  8.0
Dodging        | 3 4 5 6 7 |  7.4
Air Magic      | 4 5 6 8 9 |  9.1

Action                   |  1- 3 |  4- 6 |  7- 9 | 10-12 || total
-------------------------+-------+-------+-------+-------++-------
Melee: Whip              |     8 |       |       |       ||     8
       Mace              |    21 |    24 |    30 |     7 ||    82
       Punch             |       |     1 |       |       ||     1
Throw: Dart              |       |       |     4 |       ||     4
 Cast: Shock             |    55 |    34 |   119 |    20 ||   228
       Airstrike         |       |       |     2 |    13 ||    15
       Searing Ray       |       |       |    36 |    15 ||    51
Invok: Heroism           |       |       |     1 |       ||     1
Evoke: Wand              |       |       |       |     1 ||     1
  Use: Scroll            |       |       |     5 |     5 ||    10
       Potion            |       |       |     1 |       ||     1
 Stab: Sleeping          |     3 |     3 |     1 |       ||     7
       Distracted        |     1 |     1 |       |       ||     2
Armor: Robe              |    13 |     9 |    14 |    10 ||    46
Dodge: Dodged            |    34 |    36 |    55 |    36 ||   161

Table legend: (Time is in decaauts)
 A = Elapsed time spent in this place.
 B = Non-inter-level travel time spent in this place.
 C = Inter-level travel time spent in this place.
 D = Time resting spent in this place.
 E = Time spent auto-exploring this place.
 F = Levels seen in this place.
 G = Mean time per level.
                   A        B        C        D        E       F      G
               +--------+--------+--------+--------+--------+-----+--------+
         Total |   8930 |   8585 |    345 |   1788 |   5201 |   9 |  992.2 |
       Dungeon |   8741 |   8468 |    273 |   1788 |   5096 |   8 | 1092.6 |
        Temple |    188 |    116 |     72 |      0 |    105 |   1 |  188.0 |
               +--------+--------+--------+--------+--------+-----+--------+

Top non-repeatable levels by time:
     D:5: 1537 daAuts
     D:6: 1448 daAuts
     D:4: 1344 daAuts
     D:2: 1257 daAuts
     D:1: 1067 daAuts
     D:3: 951 daAuts
     D:7: 901 daAuts
     D:8: 233 daAuts
  Temple: 188 daAuts
